 Dungeon Crawl Stone Soup version 0.21.1-1-g345015f (webtiles) character file.

100 Mgcat the Insei (level 4, 0/34 HPs)
             Began as a Gnoll Transmuter on Mar 19, 2018.
             Slain by an orc warrior
             ... wielding a +0 trident
              (7 damage)
             ... on level 2 of the Dungeon.
             The game lasted 00:03:36 (1293 turns).

Mgcat the Insei (Gnoll Transmuter)                  Turns: 1293, Time: 00:03:37

Health: 0/34       AC:  2    Str: 12    XL:     4   Next: 73%
Magic:  5/11       EV: 24    Int: 16    God:
Gold:   13         SH:  0    Dex: 21    Spells: 3/13 levels left

rFire    . . .     SeeInvis .     - Unarmed
rCold    . . .     Gourm    .   (shield currently unavailable)
rNeg     . . .     Faith    .   (armour currently unavailable)
rPois    x         Spirit   .   (helmet currently unavailable)
rElec    .         Reflect  .   (cloak currently unavailable)
rCorr    .         Harm     .   (gloves currently unavailable)
MR       .....     Rnd*Tele +   (boots currently unavailable)
Stlth    ++........             (no amulet)
HPRegen  0.11/turn              j - ring of teleportation (curse) {+/*tele, !d}
MPRegen  0.12/turn              (no ring)

@: spider-form, very slightly contaminated
A: tiny, distributed training, strong nose
a: End Transformation


You were on level 2 of the Dungeon.
You were not hungry.
You were a venomous arachnid creature.
You visited 1 branch of the dungeon, and saw 2 of its levels.

You collected 13 gold pieces.

Inventory:

Missiles
 a - 24 arrows
 f - 6 curare-tipped needles
Armour
 b - a +0 robe (melded)
Jewellery
 j - a cursed ring of teleportation (left front leg) {+/*tele, !d}
   (You found it on level 1 of the Dungeon)
Scrolls
 e - 2 scrolls of enchant armour {unknown}
 i - 4 scrolls of remove curse {unknown}
 l - 2 scrolls of blinking {unknown}
 n - a scroll of identify {unknown}
Potions
 g - a potion of mutation {unknown}
 k - a potion of haste {unknown}
 m - a potion of invisibility {unknown}
Books
 c - a book of Changes
Comestibles
 d - 4 rations


   Skills:
 + Level 2.8 Fighting
 + Level 1.2 Short Blades
 + Level 1.2 Long Blades
 + Level 1.2 Axes
 + Level 1.2 Maces & Flails
 + Level 1.2 Polearms
 + Level 1.2 Staves
 + Level 1.2 Slings
 + Level 1.2 Bows
 + Level 1.2 Crossbows
 + Level 1.2 Throwing
 + Level 1.2 Armour
 + Level 4.6 Dodging
 + Level 1.2 Stealth
 + Level 1.2 Shields
 + Level 6.6 Unarmed Combat
 + Level 5.1 Spellcasting
 + Level 1.0 Conjurations
 + Level 1.0 Hexes
 + Level 1.0 Charms
 + Level 1.0 Summonings
 + Level 1.0 Necromancy
 + Level 1.0 Translocations
 + Level 3.8 Transmutations
 + Level 1.0 Fire Magic
 + Level 1.0 Ice Magic
 + Level 1.0 Air Magic
 + Level 1.0 Earth Magic
 + Level 1.0 Poison Magic
 + Level 1.3 Invocations
 + Level 1.2 Evocations


You had 3 spell levels left.
You knew the following spells:

 Your Spells              Type           Power        Failure   Level  Hunger
a - Beastly Appendage     Tmut           ###...       11%         1    None
b - Sticks to Snakes      Tmut           ###.....     14%         2    #......
c - Spider Form           Tmut/Pois      ##........   36%         3    ###....
d - Ice Form              Ice/Tmut       ##......     71%         4    ####...


Dungeon Overview and Level Annotations

Branches:
Dungeon (2/15)

Altars:


Innate Abilities, Weirdness & Mutations

Your experience applies equally to all skills.
((You have very sharp teeth.))
Your uncanny sense of smell can sniff out nearby items.


Message History

The orc wizard shouts!
Casting: Beastly Appendage
Confirm with . or Enter, or press ? or * to list all spells.
Your feet morph into talons.
You hit the orc wizard. You claw the orc wizard.
The orc wizard is heavily wounded.
The orc wizard closely misses you.
You closely miss the orc wizard.
The orc wizard is heavily wounded.
The orc wizard hits you with a dagger.
You barely miss the orc wizard. You claw the orc wizard.
The orc wizard is severely wounded.
Your transformation is almost over.
The orc wizard barely misses you.
You punch the orc wizard!
You kill the orc wizard!
Your Conjurations skill increases to level 1!
Your Hexes skill increases to level 1!
Your Charms skill increases to level 1!
Your Summonings skill increases to level 1!
Your Necromancy skill increases to level 1!
Your Translocations skill increases to level 1!
Your Fire Magic skill increases to level 1!
Your Ice Magic skill increases to level 1!
Your Air Magic skill increases to level 1!
Your Earth Magic skill increases to level 1!
Your Poison Magic skill increases to level 1!
Things that are here:
a dagger; a robe; an orc corpse Memorise Sticks to Snakes, consuming 2 spell levels and leaving 10?
You start memorising the spell.
You continue memorising. x2
You finish memorising.
Spell assigned to 'b'.
Memorise Spider Form, consuming 3 spell levels and leaving 7?
Your talons disappear.
You start memorising the spell.
You continue memorising.
HP restored.
You continue memorising. x2
You finish memorising.
Spell assigned to 'c'.
This spell is very dangerous to cast!
Memorise Ice Form, consuming 4 spell levels and leaving 3?
You start memorising the spell.
You continue memorising. x4
You finish memorising.
Spell assigned to 'd'.
Unknown command.
Unknown command.
Casting: Beastly Appendage
Confirm with . or Enter, or press ? or * to list all spells.
You turn into a venomous arachnid creature.
Your +0 robe melds into your body.
The orc shouts!
Casting: Spider Form
Confirm with . or Enter, or press ? or * to list all spells.
You miscast Sticks to Snakes.
You are very lightly contaminated with residual magic.
Your front legs glow momentarily.
Casting: Sticks to Snakes
Confirm with . or Enter, or press ? or * to list all spells.
You create a snake!
You now have 24 arrows.
The orc misses you.
You hit the orc.
The orc is poisoned.
The orc is lightly wounded.
The orc warrior barely misses you.
You barely miss the orc.
The orc is lightly wounded.
The orc hits you but does no damage.
Your ball python bites the orc.
Your ball python grabs the orc.
Your ball python constricts the orc.
The orc warrior hits you from afar with a trident.
You hit the orc.
You kill the orc!
The orc warrior hits you with a trident!!
Ouch! That really hurt!
* * * LOW HITPOINT WARNING * * *
You see here a flail.
You bite the orc warrior!
The orc warrior is poisoned.
The orc warrior is moderately wounded.
Your ball python bites the orc warrior but does no damage.
Your ball python misses the orc warrior.
The orc warrior barely misses you.
You hit the orc warrior but do no damage.
The orc warrior looks as sick as possible!
The orc warrior is moderately wounded.
Your ball python bites the orc warrior but does no damage.
Your ball python misses the orc warrior.
The orc warrior closely misses you.
You closely miss the orc warrior.
The orc warrior is moderately wounded.
Your ball python bites the orc warrior but does no damage.
Your ball python grabs the orc warrior.
Your ball python constricts the orc warrior.
The orc warrior barely misses you.
You hit the orc warrior but do no damage.
The orc warrior looks as sick as possible!
The orc warrior is heavily wounded.
Your ball python bites the orc warrior but does no damage.
Your ball python constricts the orc warrior.
You hit the orc warrior.
The orc warrior looks as sick as possible!
The orc warrior is heavily wounded.
Your ball python bites the orc warrior.
Your ball python constricts the orc warrior.
The orc warrior hits you with a trident!
You die...

#####...## ................
.........###.........#####..
#####.#.#...####.#.#.#####..
...#.##.......#..........
#####.###.##.#.###.#####..
#.##....##......# #..
...#.######.##<.##.#.####.# #.. .
...........##.o###.## #.# #.. #
#.#.#####...#Ss# #.# #.# #.( #
...# #.#.#..# #.#####.## #..
####..# #.#.#..###........# #..
...#..# #.#.#.............###..
......#####.#.#.########....##...
....o.[..(....#.# #####.#.###...
##.#.######.###.####.....#.###..<
##.#.# #.# #..................
##.#รท######.#
######.#####.).....


You could see an orc warrior and a friendly ball python.

Vanquished Creatures
  Natasha (twice) (D:2)
  An orc wizard (D:2)
  A worm (D:2)
  2 orcs (D:2)
  A giant cockroach (D:1)
  A goblin (D:2)
  3 hobgoblins
  A kobold (D:2)
  5 bats
  5 frilled lizards
  4 rats
26 creatures vanquished.

Notes
Turn   | Place    | Note
-------+----------+-------------------------------------------
     0 | D:1      | Mgcat the Gnoll Transmuter began the quest for the Orb.
     0 | D:1      | Reached XP level 1. HP: 17/17 MP: 6/6
   391 | D:1      | Reached XP level 2. HP: 18/23 MP: 5/7
   781 | D:2      | Noticed Natasha
   784 | D:2      | Killed Natasha
   784 | D:2      | Reached skill level 5 in Spellcasting
   784 | D:2      | Reached skill level 1 in Invocations
   784 | D:2      | Reached XP level 3. HP: 17/28 MP: 6/9
   917 | D:2      | Noticed Natasha
   923 | D:2      | Killed Natasha
   923 | D:2      | Reached skill level 1 in Short Blades
   923 | D:2      | Reached skill level 1 in Long Blades
   923 | D:2      | Reached skill level 1 in Axes
   923 | D:2      | Reached skill level 1 in Maces & Flails
   923 | D:2      | Reached skill level 1 in Polearms
   923 | D:2      | Reached skill level 1 in Staves
   923 | D:2      | Reached skill level 1 in Slings
   923 | D:2      | Reached skill level 1 in Bows
   923 | D:2      | Reached skill level 1 in Crossbows
   923 | D:2      | Reached skill level 1 in Throwing
   923 | D:2      | Reached skill level 1 in Armour
   923 | D:2      | Reached skill level 1 in Stealth
   923 | D:2      | Reached skill level 1 in Shields
   923 | D:2      | Reached skill level 1 in Evocations
   923 | D:2      | Reached XP level 4. HP: 32/34 MP: 9/11
   939 | D:2      | Noticed an orc warrior
   958 | D:2      | HP: 5/34 [orc wizard/magic dart (6)]
  1243 | D:2      | Reached skill level 1 in Conjurations
  1243 | D:2      | Reached skill level 1 in Hexes
  1243 | D:2      | Reached skill level 1 in Charms
  1243 | D:2      | Reached skill level 1 in Summonings
  1243 | D:2      | Reached skill level 1 in Necromancy
  1243 | D:2      | Reached skill level 1 in Translocations
  1243 | D:2      | Reached skill level 1 in Fire Magic
  1243 | D:2      | Reached skill level 1 in Ice Magic
  1243 | D:2      | Reached skill level 1 in Air Magic
  1243 | D:2      | Reached skill level 1 in Earth Magic
  1243 | D:2      | Reached skill level 1 in Poison Magic
  1252 | D:2      | Learned a level 2 spell: Sticks to Snakes
  1256 | D:2      | Learned a level 3 spell: Spider Form
  1261 | D:2      | Learned a level 4 spell: Ice Form
  1288 | D:2      | HP: 6/34 [orc warrior/trident (24)]
  1293 | D:2      | Slain by an orc warrior

Skill      XL: |  1  2  3  4 |
---------------+-------------+-----
Spellcasting   | 5 |  5.1
Invocations    | 1 |  1.3
Short Blades   | 1 |  1.2
Long Blades    | 1 |  1.2
Axes           | 1 |  1.2
Maces & Flails | 1 |  1.2
Polearms       | 1 |  1.2
Staves         | 1 |  1.2
Slings         | 1 |  1.2
Bows           | 1 |  1.2
Crossbows      | 1 |  1.2
Throwing       | 1 |  1.2
Armour         | 1 |  1.2
Stealth        | 1 |  1.2
Shields        | 1 |  1.2
Evocations     | 1 |  1.2
Conjurations   | 1 |  1.0
Hexes          | 1 |  1.0
Charms         | 1 |  1.0
Summonings     | 1 |  1.0
Necromancy     | 1 |  1.0
Translocations | 1 |  1.0
Fire Magic     | 1 |  1.0
Ice Magic      | 1 |  1.0
Air Magic      | 1 |  1.0
Earth Magic    | 1 |  1.0
Poison Magic   | 1 |  1.0
Fighting       | |  2.8
Dodging        | |  4.6
Unarmed Combat | |  6.6
Transmutations | |  3.8

Action                   |  1- 3 |  4- 6 || total
-------------------------+-------+-------++-------
Melee: Unarmed           |    64 |    18 ||    82
       Kick              |     6 |     2 ||     8
       Bite              |     2 |       ||     2
       Headbutt          |     1 |       ||     1
       Punch             |     1 |       ||     1
 Cast: Beastly Appendage |    14 |     2 ||    16
       Spider Form       |       |     1 ||     1
       Sticks to Snakes  |       |     1 ||     1
  Eat: Chunk             |       |     1 ||     1
Armor: Robe              |    17 |     1 ||    18
Dodge: Dodged            |    37 |    11 ||    48

Vault maps used:
D:1:      dpeg_arrival_stone_temple_mockup, minivault_11, minivault_24
D:2:      elyvilon_altar_3, uniq_natasha

Table legend:
 A = Turns spent in this place as a percentage of turns spent in the entire game.
 B = Non-inter-level travel turns spent in this place as a percentage of non-inter-level travel turns spent in the entire game.
 C = Inter-level travel turns spent in this place as a percentage of turns spent in this place.
 D = Turns resting spent in this place as a percentage of non-inter-level travel turns spent in this place.
 E = Turns spent auto-exploring this place as a percentage of non-inter-level travel turns spent in this place.
 F = Non-inter-level travel turns spent in this place divided by the number of levels of this place that you've seen.
                   A       B       C       D       E      F
               +-------+-------+-------+-------+-------+----------------------
         Total | 100.0 | 100.0 |   3.1 |  17.9 |  59.2 | 626.5
       Dungeon | 100.0 | 100.0 |   3.1 |  17.9 |  59.2 | 626.5
               +-------+-------+-------+-------+-------+----------------------

Table legend:
 A = Kills in this place as a percentage of kills in entire the game.
 B = Kills by you in this place as a percentage of kills by you in the entire game.
 C = Kills by friends in this place as a percentage of kills by friends in the entire game.
 D = Other kills in this place as a percentage of other kills in the entire game.
 E = Experience gained in this place as a percentage of experience gained in the entire game.
 F = Experience gained in this place divided by the number of levels of this place that you have seen.
                   A       B       C       D       E      F
               +-------+-------+-------+-------+-------+----------------------
         Total | 100.0 | 100.0 |   N/A |   N/A | 100.0 |  71.5
       Dungeon | 100.0 | 100.0 |   N/A |   N/A | 100.0 |  71.5
               +-------+-------+-------+-------+-------+----------------------
